 Dungeon Crawl Stone Soup version 0.15.0-13-gb296d5c (webtiles) character file.

39 CrazyArbalest the Bolt Thrower (level 3, -3/26 HPs)
             Began as a Demonspawn Hunter on Sept 3, 2014.
             Slain by Sigmund
             ... wielding a +0 scythe
              (7 damage)
             ... on Level 2 of the Dungeon.
             The game lasted 00:10:27 (1568 turns).

CrazyArbalest the Bolt Thrower (Demonspawn Hunter)  Turns: 1568, Time: 00:10:27

HP  -3/26        AC  3     Str 12      XL: 3   Next: 28%
MP   0/3         EV 11     Int 12      God:
Gold 70          SH  0     Dex 14      Spells:  0 memorised,  2 levels left

rFire  . . .     SeeInvis +     b - +1 hand crossbow
rCold  . . .     Clarity  .     d - +0 leather armour
rNeg   . . .     rCorr    .     (no shield)
rPois  .         rRot     .     (no helmet)
rElec  .         Spirit   +     (no cloak)
SustAb .         Warding  .     (no gloves)
rMut   .         Stasis   .     (no boots)
Gourm  .                        k - amulet of guardian spirit
MR     .....                    t - ring of see invisible
                                g - ring of regeneration

@: confused, not resistant to hostile enchantments, very unstealthy
A: powered by death 1
a: no special abilities


You were on level 2 of the Dungeon.
You were hungry.

You visited 1 branch of the dungeon, and saw 2 of its levels.

You collected 70 gold pieces.

Inventory:

Hand weapons
 a - a +0 whip
 b - a +1 hand crossbow (weapon)
Missiles
 c - 19 bolts (quivered)
Armour
 d - a +0 leather armour (worn)
Comestibles
 f - 3 bread rations
 j - a beef jerky
 l - 2 rotting chunks of quokka flesh
 n - a meat ration
 o - 3 rotting chunks of hobgoblin flesh
 q - a chunk of giant cockroach flesh
 s - a chunk of ball python flesh
Scrolls
 h - a scroll of remove curse {unknown}
 i - 2 scrolls of random uselessness {unknown}
 r - a scroll of teleportation {unknown}
 u - a scroll of amnesia {unknown}
Jewellery
 g - a ring of regeneration (left hand)
 k - an amulet of guardian spirit (around neck)
 m - an uncursed amulet of faith
 t - a ring of see invisible (right hand)


   Skills:
 + Level 1.1 Fighting
 * Level 0.5 Maces & Flails
 * Level 4.5 Crossbows
 + Level 0.1 Armour
 + Level 1.7 Dodging
 + Level 0.8 Stealth


You had 2 spell levels left.
You didn't know any spells.

Dungeon Overview and Level Annotations

Branches:
Dungeon (2/15)

Altars:

Annotations:
D:2 Sigmund


Innate Abilities, Weirdness & Mutations

You can steal the life force of nearby defeated enemies.


Message History

Aim: Sigmund, wielding a scythe and wearing a robe (lightly wounded)
You shoot a bolt.
You feel less confused. Sigmund gestures at you while chanting.
The magic dart hits you!
Firing (i - inventory):
c - 21 bolts (quivered)
Press: ? - help, Shift-Dir - straight line, f/p - Sigmund
Aim: Sigmund, wielding a scythe and wearing a robe (lightly wounded)
You shoot a bolt. The bolt barely misses Sigmund.
Sigmund hits you from afar with a scythe!
* * * LOW HITPOINT WARNING * * *
Drink which item? (? for menu, Esc to quit)
You are confused.
It was a potion of confusion.
Firing (i - inventory):
c - 20 bolts (quivered)
Press: ? - help, Shift-Dir - straight line, f/p - Sigmund
Aim: Sigmund, wielding a scythe and wearing a robe (lightly wounded)
You shoot a bolt.
Sigmund hits you from afar with a scythe!
You die...

#.##.)..........##
#.................
###...............
#(((.............#
#(###+#'####'#.#..
#.# #.#.# #@#.###
#@# #.#.# #.#....
#.# #.#.# #.#####
#@# #.#.# #......
#.# #.#.# #......
#.###.#.# #......
#.#.....# #..)...
#.#.....# #......
#.#.....# #......
#.#.....# #..#..#
#.#.....# #..#..#
#...#.#.# #..#.##


You could see Sigmund.

Vanquished Creatures
  An adder (D:2)
  A worm (D:2)
  3 bats
  2 hobgoblins
  A quokka (D:2)
  A ball python (D:2)
  3 giant cockroaches (D:2)
  5 giant newts (D:1)
  3 goblins
  3 kobolds
  3 rats (D:1)
26 creatures vanquished.

Notes
Turn   | Place    | Note
--------------------------------------------------------------
     0 | D:1      | CrazyArbalest, the Demonspawn Hunter, began the quest for the Orb.
     0 | D:1      | Reached XP level 1. HP: 15/15 MP: 1/1
   214 | D:1      | Reached skill level 4 in Crossbows
   215 | D:1      | Gained mutation: You can steal the life force of nearby defeated enemies. [demonic ancestry]
   215 | D:1      | Reached XP level 2. HP: 21/21 MP: 2/2
   811 | D:2      | Noticed Sigmund
   904 | D:2      | Reached XP level 3. HP: 26/26 MP: 3/3
  1568 | D:2      | Slain by Sigmund

Action                   || total
-------------------------++-------
Melee: Whip              ||    70
       Short sword       ||     7
 Fire: Hand crossbow     ||    28
  Use: Potion            ||     2
 Stab: Distracted        ||     1
  Eat: Chunk             ||     2
